AoeStats
← Franquitoo

Golden Pit

509331749Analyzed
1v1 RM · 6d ago on Sep 26, 2026· 104m 46s· 2 players
Game mode
Random Map
Map size
Tiny (2 player)
Population
200
Speed
Normal
Resources
Standard
Victory
Conquest
Starting age
Dark Age
Ending age
Imperial Age
RankedLock teamsTeams togetherTeam positionsShared explorationLock speedFull tech treeHidden civsTurbo modeCheats
Victory
Defeat
🇪🇪 Portuguese · Estonia
725
+17
🇦🇷 Khmer · Argentina
751
-17
Kala
11:00 Feudal Age
13:25 Loom
14:06 Forging
15:10 Scale Barding Armor
18:27 Bloodlines
22:56 Castle Age
21:52 Double-Bit Axe
25:07 Wheelbarrow
25:33 Wheelbarrow
31:29 Husbandry
34:06 Iron Casting
33:52 Chain Barding Armor
36:37 Bow Saw
36:11 Horse Collar
36:36 Stone Mining
36:36 Gold Mining
38:25 Hand Cart
37:59 Town Watch
40:58 Imperial Age
40:54 Town Patrol
41:09 Town Patrol
43:05 Chemistry
41:54 Elite Organ Gun
50:04 Fortified Wall
59:34 Fletching
63:04 Bombard Tower
72:33 Bodkin Arrow
72:39 Padded Archer Armor
87:14 Bracer
90:29 Cavalier
92:42 Pikeman
93:30 Scale Mail Armor
97:12 Light Cavalry
97:44 Halberdier
101:21 Chain Mail Armor
Franquitoo
1:41 Loom
11:11 Feudal Age
11:49 Double-Bit Axe
11:53 Horse Collar
13:14 Wheelbarrow
21:03 Castle Age
23:44 Bow Saw
25:00 Heavy Plow
25:33 Town Watch
28:30 Fletching
33:46 Bodkin Arrow
33:28 Pikeman
37:59 Stone Mining
38:09 Gold Mining
39:18 Hand Cart
39:59 Town Patrol
41:28 Forging
43:27 Stone Shaft Mining
45:03 Arson
50:28 Light Cavalry
52:54 Scale Barding Armor
55:39 Bloodlines
55:31 Husbandry
85:33 Imperial Age
85:36 Capped Ram
89:04 Hussar
91:21 Chain Barding Armor
92:14 Siege Ram
Connection lost

Rejoining the realm…

Still unreachable

The connection could not be restored.

Session expired

The server has moved on; the page needs a fresh start.